 Dungeon Crawl Stone Soup version 0.22-a0-417-g1387785 (webtiles) character file.

1178 Kairos the Chopper (level 8, -7/60 HPs)
             Began as a Demonspawn Gladiator on May 14, 2018.
             Mangled by a two-headed ogre
             ... wielding a cursed -3 giant club
              (19 damage)
             ... on level 7 of the Dungeon.
             The game lasted 00:05:04 (4756 turns).

Kairos the Chopper (Demonspawn Gladiator)           Turns: 4756, Time: 00:05:05

Health: -7/60      AC: 17    Str: 23    XL:     8   Next: 18%
Magic:  2/2        EV: 12    Int: 14    God:
Gold:   141        SH:  0    Dex: 15    Spells: 7/7 levels left

rFire    + . .     SeeInvis .   x - +5 quarterstaff of Parts Unknown {antimagic, -Tele rElec Str+7 Int+4}
rCold    . . .     Gourm    .   (shield currently unavailable)
rNeg     . . .     Faith    .   q - +0 scale mail
rPois    .         Spirit   .   c - +0 helmet
rElec    +         Reflect  .   (no cloak)
rCorr    .         Harm     .   (no gloves)
MR       .....     NoTele   +   (no boots)
Stlth    ..........             (no amulet)
HPRegen  0.20/turn              (no ring)
MPRegen  0.08/turn              (no ring)

@: sanguine armour
A: talons 1, fire resistance 1, sanguine armour 2
a: no special abilities


You were on level 7 of the Dungeon.
You were not hungry.

You visited 1 branch of the dungeon, and saw 7 of its levels.

You collected 141 gold pieces.

Inventory:

Hand Weapons
 a - a +0 war axe
 x - the +5 quarterstaff of Parts Unknown (weapon) {antimagic, -Tele rElec Str+7 Int+4}
   (You found it on level 4 of the Dungeon)

   It reduces the magical energy of the wielder, and disrupts the spells and
   magical abilities of those hit.
   Natural abilities and divine invocations are not affected.
   It affects your strength (+7).
   It affects your intelligence (+4).
   It insulates you from electricity.
   It prevents most forms of teleportation.
Missiles
 d - 3 throwing nets (quivered)
Armour
 b - a +0 leather armour
 c - a +0 helmet (worn)
 i - a +0 shield
 q - a +0 scale mail (worn)
 t - a +0 chain mail
Jewellery
 z - an uncursed ring of flight {unknown}
Wands
 B - a wand of enslavement (10)
Scrolls
 e - a scroll of amnesia {unknown}
 h - 4 scrolls of teleportation {unknown}
 j - 6 scrolls of identify {unknown}
 k - 4 scrolls of remove curse {unknown}
 n - 2 scrolls of fear {unknown}
 o - a scroll of magic mapping {unknown}
 s - a scroll of immolation {unknown}
 u - a scroll of noise {unknown}
 y - a scroll of random uselessness {unknown}
Potions
 g - a potion of ambrosia {unknown}
 l - a potion of mutation {unknown}
 m - a potion of curing
 p - 2 potions of lignification {unknown}
 r - a potion of flight {unknown}
 v - 4 potions of haste {unknown}
 w - a potion of brilliance {unknown}
 A - a potion of heal wounds {unknown}
 C - a potion of agility {unknown}
Comestibles
 f - 5 rations
 D - 4 chunks of flesh


   Skills:
 + Level 3.9 Fighting
 + Level 4.3 Axes
 + Level 4.0 Staves
 + Level 1.8 Throwing
 + Level 4.3 Armour
 + Level 4.1 Dodging
 + Level 1.0 Stealth
 + Level 2.0 Shields


You had 7 spell levels left.
You didn't know any spells.
Your spell library was empty.

Dungeon Overview and Level Annotations

Branches:
Dungeon (8/15)
 Temple: D:4-7         Lair: D:8-11

Altars:
Fedhas
Hepliaklqana
Xom

Annotations:
D:8 Gastronok


Innate Abilities, Weirdness & Mutations

You have sharp toenails.
Your flesh is heat resistant. (rF+)
When seriously injured, your bleeding wounds create thick armour. (AC +9)


Message History

Your Staves skill increases to level 4!
You have reached level 8!
You feel agile.
You sock the two-headed ogre!
You claw the two-headed ogre, but do no damage.
The two-headed ogre is moderately wounded.
The two-headed ogre hits you with a giant club.
* * * LOW HITPOINT WARNING * * *
The two-headed ogre hits you with a giant spiked club.
* * * LOW HITPOINT WARNING * * *
You sock the two-headed ogre!
You claw the two-headed ogre, but do no damage.
The two-headed ogre is heavily wounded.
You sock the two-headed ogre!
You claw the two-headed ogre, but do no damage.
The two-headed ogre is severely wounded.
The two-headed ogre hits you with a giant club.
* * * LOW HITPOINT WARNING * * *
The two-headed ogre hits you with a giant spiked club!!
You die...

.........# ####
.......(.###.....
.........>†..$...
..........##.....
.....F....# ...
########..# .
#..#
#..#########.####
#......@O.......?
#.$#########.####
#..# #..# #..#
#.H# #..# #..#
#..#


You could see a two-headed ogre.

Vanquished Creatures
  A hippogriff (D:7)
  Sigmund (D:3)
  Menkaure (D:5)
  2 ogres (D:4)
  A bullfrog (D:7)
  4 crimson imps
  2 hounds
  A bullfrog skeleton (D:5)
  A centaur skeleton (D:8)
  An orc wizard (D:5)
  3 worker ants
  3 gnolls (D:3)
  5 adders
  A dart slug (D:2)
  A leopard gecko (D:4)
  6 orcs
  5 bats
  A giant cockroach (D:1)
  3 goblins (D:1)
  7 hobgoblins
  2 jackals (D:2)
  7 kobolds
  4 quokkas
  2 ball pythons
  4 frilled lizards
  8 rats
77 creatures vanquished.

Notes
Turn   | Place    | Note
-------+----------+-------------------------------------------
     0 | D:1      | Kairos the Demonspawn Gladiator began the quest for the Orb.
     0 | D:1      | Reached XP level 1. HP: 16/16 MP: 1/1
    63 | D:1      | Gained mutation: When seriously injured, your bleeding wounds create armour. (AC +9) [demonic ancestry]
    63 | D:1      | Reached XP level 2. HP: 17/22 MP: 2/2
   567 | D:2      | Gained mutation: You have sharp toenails. [demonic ancestry]
   567 | D:2      | Reached XP level 3. HP: 16/28 MP: 3/3
  1452 | D:3      | Noticed Sigmund
  1467 | D:3      | Killed Sigmund
  1467 | D:3      | Reached skill level 1 in Shields
  1467 | D:3      | Reached XP level 4. HP: 3/34 MP: 4/4
  1467 | D:3      | Gained mutation: When seriously injured, your bleeding wounds create thick armour. (AC +9) [demonic ancestry]
  1467 | D:3      | Reached XP level 5. HP: 4/39 MP: 5/5
  2649 | D:4      | Got a bloodstained quarterstaff
  2655 | D:4      | Identified the +5 quarterstaff of Parts Unknown {antimagic, -Tele rElec Str+7 Int+4} (You found it on level 4 of the Dungeon)
  2678 | D:4      | Gained mutation: Your flesh is heat resistant. (rF+) [demonic ancestry]
  2678 | D:4      | Reached XP level 6. HP: 42/46 MP: 2/6
  3384 | D:4      | Found a hazy altar of Hepliaklqana.
  3385 | D:4      | Found a shimmering altar of Xom.
  3385 | D:4      | Noticed a hell beast
  3386 | D:4      | Noticed a hell beast
  3386 | D:4      | Noticed a spectral ugly thing
  3424 | D:4      | Reached skill level 1 in Stealth
  3554 | D:4      | Reached skill level 1 in Staves
  3554 | D:4      | Reached XP level 7. HP: 12/52 MP: 2/7
  4023 | D:5      | Entered Level 5 of the Dungeon
  4140 | D:5      | Noticed Menkaure
  4147 | D:5      | Killed Menkaure
  4428 | D:5      | Found a blossoming altar of Fedhas.
  4592 | D:5      | You fall through a shaft for 3 floors!
  4650 | D:8      | Noticed Gastronok
  4740 | D:7      | Noticed a hippogriff
  4747 | D:7      | Noticed a two-headed ogre
  4753 | D:7      | Killed a hippogriff
  4753 | D:7      | Reached XP level 8. HP: 19/60 MP: 2/8
  4756 | D:7      | Mangled by a two-headed ogre

Vault maps used:
D:1:      minmay_arrival_split_and_join
D:2:      first_ration
D:3:      mumra_celtic_spiral_tile, uniq_sigmund
D:4:      regret_index_temple_of_mockery
D:5:      overflow_temple_1_default, uniq_menkaure
D:7:      basic_altar, serial_glass, glass_columns_c, glass_columns_c
D:8:      kennysheep_mini_moat, uniq_pikel, uniq_gastronok

Skill      XL: |  1  2  3  4  5  6  7 |
---------------+----------------------+-----
Axes           | 3 4 |  4.3
Dodging        | 3 4 |  4.1
Armour         | 2 3 4 |  4.3
Shields        | 1 2 |  2.0
Fighting       | 3 |  3.9
Stealth        | 1 |  1.0
Staves         | 1 4 |  4.0
Throwing       | |  1.8

Action                   |  1- 3 |  4- 6 |  7- 9 || total
-------------------------+-------+-------+-------++-------
Melee: War axe           |   115 |    22 |       ||   137
       Kick              |    14 |    17 |    22 ||    53
       Quarterstaff      |       |    32 |    82 ||   114
 Stab: Sleeping          |     1 |       |       ||     1
  Eat: Chunk             |     2 |     6 |     4 ||    12
Armor: Leather armour    |    27 |       |       ||    27
       Scale mail        |    21 |    15 |    45 ||    81
Dodge: Dodged            |    73 |    29 |    70 ||   172
Block: Shield            |    32 |    14 |       ||    46

Table legend:
 A = Spawn XP
 B = Non-spawn XP
 C = Spawn XP percentage of total XP
 D = Spawn monster count
 E = Non-spawn monster count
 F = Spawn count percentage of total count
 G = Total turns spent on level
                    A         B        C        D         E        F      G
               +---------+---------+-------+---------+---------+-------+---------
         Total |       0 |    1684 |   0.0 |       0 |      77 |   0.0 |  4756
               +---------+---------+-------+---------+---------+-------+---------
           D:1 |       0 |      33 |   0.0 |       0 |      20 |   0.0 |   540
           D:2 |       0 |      22 |   0.0 |       0 |      13 |   0.0 |   660
           D:3 |       0 |     293 |   0.0 |       0 |      12 |   0.0 |  1402
           D:4 |       0 |     392 |   0.0 |       0 |      11 |   0.0 |  1421
           D:5 |       0 |     484 |   0.0 |       0 |      15 |   0.0 |   569
           D:7 |       0 |     418 |   0.0 |       0 |       4 |   0.0 |    92
           D:8 |       0 |      42 |   0.0 |       0 |       2 |   0.0 |    72
               +---------+---------+-------+---------+---------+-------+---------
